[Event "World Junior Chess Championship U20 2022"]
[White "Candian, Lorenzo"]
[Black "Flores Quillas, Diego Saul Rodri"]
[WhiteFideId "2863664"]
[BlackFideId "3822508"]
[WhiteElo "2022"]
[BlackElo "2291"]
[Result "1/2-1/2"]
[Round "04"]
[TimeControl "5400+30"]
[Date "2022.10.14"]
[WhiteClock "0:18:59"]
[BlackClock "0:23:19"]

1. e4 c5 2. Nf3 d6 3. d4 cxd4 4. Qxd4 Nc6 5. Bb5 Bd7 6. Bxc6 bxc6 7. c4 e5 8. Qd3 Nf6 9. Nc3 Qc7 10. Bg5 Be7 11. Rd1 Be6 12. Bxf6 gxf6 13. Nh4 Rg8 14. O-O Rd8 15. Rd2 Bf8 16. b4 Qb6 17. Rb1 Rg4 18. g3 Qd4 19. Qxd4 exd4 20. Rxd4 f5 21. h3 Bg7 22. hxg4 Bxd4 23. Ne2 Bb6 24. Nxf5 Bxc4 25. Nf4 Bxa2 26. Rd1 d5 27. exd5 cxd5 28. Re1+ Kd7 29. b5 Kc7 30. Rc1+ Kb8 31. Ne7 Kb7 32. Nc6 Re8 33. Rd1 Bc4 34. Nxd5 Bxb5 35. Nxb6 Kxb6 36. Nb4 a5 37. Nd5+ Kc5 38. Nc7 Rb8 39. Nxb5 Rxb5 40. Rd7 a4 41. Rxf7 a3 42. Kg2 Kb4 43. Rxh7 a2 44. Rh1 Kc3 45. Ra1 Kb2 46. Rxa2+ Kxa2 47. Kf3 Kb3 48. Ke4 Kc4 49. f4 Kc5 50. Ke5 Kc6+ 51. Ke6 Rb3 52. g5 Rxg3 53. Kf7 Rg4 54. g6 Rxf4+ 55. Ke6 Rg4 56. Kf7 Kd7 57. g7 Rf4+ 58. Kg6 1/2-1/2


[Site "http://www.chessbomb.com"]

[Event "World Junior Chess Championship U20 2022"]
[White "Vagman, Roy"]
[Black "Urbani, Gabriel"]
[WhiteFideId "2828995"]
[BlackFideId "2830138"]
[WhiteElo "2274"]
[BlackElo "2129"]
[Result "1-0"]
[Round "04"]
[TimeControl "5400+30"]
[Date "2022.10.14"]
[WhiteClock "0:47:10"]
[BlackClock "0:40:47"]

1. e4 e5 2. Nf3 Nc6 3. Bb5 a6 4. Ba4 Nf6 5. Nc3 b5 6. Bb3 Bc5 7. Nd5 O-O 8. d3 h6 9. c3 d6 10. Nxf6+ Qxf6 11. Bd5 Bd7 12. Rg1 Qd8 13. g4 Kh7 14. g5 g6 15. gxh6 f6 16. Nh4 Ne7 17. Bxa8 Qxa8 18. Be3 Bxe3 19. fxe3 c5 20. Qe2 Be6 21. O-O-O Qd8 22. Qg2 Rg8 23. Rdf1 Qa5 24. a3 b4 25. Rxf6 bxa3 26. Rxe6 Nc6 27. Rxg6 axb2+ 28. Qxb2 Rb8 29. Rg7+ 1-0


[Site "http://www.chessbomb.com"]

[Event "World Junior Chess Championship U20 2022"]
[White "Momin, Fayzan"]
[Black "Nouri, Alekhine"]
[WhiteFideId "7805225"]
[BlackFideId "5216184"]
[WhiteElo "1974"]
[BlackElo "2251"]
[Result "0-1"]
[Round "04"]
[TimeControl "5400+30"]
[Date "2022.10.14"]
[WhiteClock "1:10:27"]
[BlackClock "0:32:38"]

1. d4 Nf6 2. Nf3 g6 3. c4 c5 4. Nc3 cxd4 5. Nxd4 Bg7 6. e4 d6 7. f3 O-O 8. Be3 Nc6 9. Nc2 Qa5 10. a3 Be6 11. Qd2 Rac8 12. Rc1 Ne5 13. b3 a6 14. Nd5 Qxd2+ 15. Kxd2 Bxd5 16. cxd5 Nfd7 17. Be2 f5 18. Nd4 f4 19. Bf2 Nc5 20. Rc3 Ng4 21. Bg1 Ne3 22. Rxc5 Rxc5 23. Ne6 Rc2+ 24. Ke1 Nxg2+ 25. Kf2 Rfc8 26. h4 Be5 27. h5 Ra2 28. hxg6 hxg6 29. Rh6 Rcc2 30. Rxg6+ Kf7 31. Rg7+ Bxg7 0-1


[Site "http://www.chessbomb.com"]

[Event "World Junior Chess Championship U20 2022"]
[White "Nemeth, Zalan"]
[Black "Ballesteros Cardenas, Leonardo"]
[WhiteFideId "2512041"]
[BlackFideId "3428141"]
[WhiteElo "2247"]
[BlackElo "2121"]
[Result "1-0"]
[Round "04"]
[TimeControl "5400+30"]
[Date "2022.10.14"]
[WhiteClock "0:27:37"]
[BlackClock "0:30:11"]

1. d4 Nf6 2. c4 e6 3. Nf3 c5 4. d5 exd5 5. cxd5 d6 6. Nc3 g6 7. Nd2 a6 8. a4 Bg7 9. e4 O-O 10. Be2 Re8 11. O-O Nbd7 12. Ra3 Qc7 13. Re1 Rb8 14. a5 h6 15. Qc2 b5 16. axb6 Rxb6 17. Nc4 Rb4 18. Bf4 Bf8 19. Bd3 Nb6 20. Nxb6 Qxb6 21. Na4 Qc7 22. Bd2 Rb8 23. b4 Ng4 24. Bf1 Bd7 25. h3 Nf6 26. bxc5 dxc5 27. Rf3 Bxa4 28. Qxa4 Nd7 29. Qxa6 Ne5 30. Rc3 Rb2 31. Bc1 Rb1 32. Qa2 Reb8 33. f4 Nd7 34. Bd3 R1b4 35. e5 Bg7 36. d6 Qb7 37. Bxg6 c4 38. Rxc4 Rb3 39. Be4 Qb6+ 40. Qf2 Qb5 41. Rc7 Nf8 42. Bc6 Qa6 43. Bd5 1-0


[Site "http://www.chessbomb.com"]

[Event "World Junior Chess Championship U20 2022"]
[White "Oye-Stromberg, Alexander"]
[Black "Djurovic, Peko"]
[WhiteFideId "1525999"]
[BlackFideId "16503902"]
[WhiteElo "2233"]
[BlackElo "2084"]
[Result "1/2-1/2"]
[Round "04"]
[TimeControl "5400+30"]
[Date "2022.10.14"]
[WhiteClock "0:03:17"]
[BlackClock "0:04:47"]

1. e4 c5 2. Nf3 Nc6 3. d4 cxd4 4. Nxd4 Nf6 5. Nc3 e5 6. Ndb5 d6 7. Bg5 a6 8. Na3 b5 9. Bxf6 gxf6 10. Nd5 f5 11. g3 fxe4 12. Bg2 Bg7 13. Bxe4 Ra7 14. c3 O-O 15. Nc2 Be6 16. O-O f5 17. Bg2 Ne7 18. Ncb4 Bxd5 19. Bxd5+ Kh8 20. Qd2 Qb6 21. Rad1 a5 22. Nc2 Rf6 23. Qe3 Qc7 24. Na3 f4 25. Qd3 Nxd5 26. Qxd5 Qd7 27. Qxb5 Qh3 28. Rd3 e4 29. Qe8+ Rf8 30. Qxe4 Raf7 31. gxf4 Qh4 32. Rg3 Rxf4 33. Qg2 Be5 34. Kh1 Rf3 35. Rg4 Qh5 36. Rg1 Qf7 37. Rf1 Qh5 38. Rg1 Qf7 39. Rf1 Qh5 40. Rg5 Qf7 41. Nc2 Qxa2 42. Ne1 R3f6 43. Nd3 Bf4 44. Rg4 Qf7 45. Rg1 Bh6 46. b4 a4 47. b5 a3 48. b6 a2 49. b7 Rg6 50. Rxg6 hxg6 51. Qc6 Rb8 52. Qc8+ Kh7 53. Qc6 Rxb7 54. Nb4 Ra7 55. Nc2 Qxf2 56. Qe4 Qf5 57. Qxf5 gxf5 58. Ra1 Bd2 59. Nb4 Bxc3 60. Rxa2 Rxa2 61. Nxa2 Bd2 62. Kg2 Kg6 63. Kf3 Kg5 64. Ke2 Bf4 65. h3 Kh4 66. Kf3 Bd2 67. Ke2 Bh6 68. Kf3 Kxh3 69. Nc3 Kh4 70. Nb5 d5 71. Nc7 d4 72. Ne6 Be3 73. Nxd4 Bxd4 74. Kf4 Bc5 75. Kxf5 1/2-1/2


[Site "http://www.chessbomb.com"]

[Event "World Junior Chess Championship U20 2022"]
[White "Avila Rodriguez, Joshua Ad"]
[Black "Pennica, Andrea"]
[WhiteFideId "5126444"]
[BlackFideId "2816828"]
[WhiteElo "2225"]
[BlackElo "2037"]
[Result "1-0"]
[Round "04"]
[TimeControl "5400+30"]
[Date "2022.10.14"]
[WhiteClock "0:23:21"]
[BlackClock "0:27:03"]

1. e4 c5 2. Nf3 g6 3. d4 cxd4 4. Nxd4 Bg7 5. c4 Nc6 6. Be3 Nf6 7. Nc3 O-O 8. Be2 d6 9. O-O Bd7 10. h3 a5 11. Rc1 a4 12. Ndb5 Nb8 13. Bf3 Bc6 14. Qc2 Nbd7 15. b4 axb3 16. axb3 b6 17. Rfd1 Qc8 18. Nd4 Ne5 19. Be2 Bb7 20. Ndb5 Nfd7 21. Nd5 Nc6 22. Bxb6 Nxb6 23. Nxb6 Qd8 24. Nxa8 Qxa8 25. Nc7 Qa7 26. Nd5 e6 27. Nc3 Nd4 28. Nb5 Qb6 29. Qd3 Nxb5 30. cxb5 Be5 31. Qe3 Qxe3 32. fxe3 Bxe4 33. Bf3 Bxf3 34. gxf3 Rb8 35. f4 Bb2 36. Rb1 Ba3 37. b4 Rxb5 38. Rb3 Bxb4 39. Kg2 g5 40. Rdb1 gxf4 41. exf4 Rc5 42. Rxb4 d5 43. Rb7 Rc2+ 44. Kf3 Rc3+ 45. Kg4 h5+ 46. Kg5 Rg3+ 47. Kh6 Rg6+ 48. Kxh5 Kg7 49. f5 Rh6+ 50. Kg5 exf5 51. Rxf7+ Kxf7 52. Rb7+ 1-0


[Site "http://www.chessbomb.com"]

[Event "World Junior Chess Championship U20 2022"]
[White "Andreev, Konstantin"]
[Black "Persico, Lorenzo"]
[WhiteFideId "24239305"]
[BlackFideId "899240"]
[WhiteElo "2206"]
[BlackElo "2007"]
[Result "1-0"]
[Round "04"]
[TimeControl "5400+30"]
[Date "2022.10.14"]
[WhiteClock "1:16:12"]
[BlackClock "0:00:54"]

1. e4 e5 2. Nf3 Nc6 3. Bc4 Bc5 4. c3 Nf6 5. d4 exd4 6. b4 Bb6 7. e5 d5 8. exf6 dxc4 9. Qe2+ Be6 10. b5 Nb4 11. cxb4 Qxf6 12. Qe5 Qxe5+ 13. Nxe5 f6 14. Nf3 O-O-O 15. a4 a5 16. bxa6 bxa6 17. a5 Ba7 18. O-O c3 19. h4 Bc4 20. Re1 Rhe8 21. Rxe8 Rxe8 22. Bf4 Re4 23. g3 Re2 24. Na3 Bd5 25. Ne1 Rb2 26. Nd3 Rb3 27. Nc2 Be4 28. Rd1 Bxd3 29. Rxd3 Rb2 30. Nxd4 c2 31. Kg2 Rxb4 32. Nxc2 Rb5 33. Rc3 c5 34. Nd4 Rxa5 35. Nc6 1-0


[Site "http://www.chessbomb.com"]

[Event "World Junior Chess Championship U20 2022"]
[White "Casadio, Niccolo`"]
[Black "Stolyarsky, Yegor"]
[WhiteFideId "2827951"]
[BlackFideId "2814595"]
[WhiteElo "2201"]
[BlackElo "1987"]
[Result "1/2-1/2"]
[Round "04"]
[TimeControl "5400+30"]
[Date "2022.10.14"]
[WhiteClock "0:42:25"]
[BlackClock "0:04:26"]

1. e4 e5 2. Nf3 Nc6 3. Bc4 Bc5 4. O-O Nf6 5. d4 Bxd4 6. Nxd4 Nxd4 7. f4 d6 8. fxe5 dxe5 9. Bg5 Qe7 10. Na3 Be6 11. c3 Bxc4 12. Bxf6 gxf6 13. Nxc4 Qc5 14. cxd4 Qxc4 15. Rc1 Qxd4+ 16. Qxd4 exd4 17. Rxc7 O-O 18. Rd1 b6 19. Rxd4 Rac8 20. Rxa7 Rc1+ 21. Kf2 Rc2+ 22. Kf3 Rxb2 23. Rdd7 Kg7 24. Rdb7 Kg6 25. g3 h5 26. Ke3 Rb4 27. a3 Rc4 28. Kf3 Re8 29. Rxf7 Rexe4 30. Rh7 f5 31. Rhc7 h4 32. Rxc4 Rxc4 33. Ra6 h3 34. Rxb6+ Kg5 35. Re6 Rc1 36. Re8 Rc3+ 37. Re3 Rc1 38. Re8 Rf1+ 39. Ke2 Rh1 40. Rg8+ Kf6 41. Rh8 Rxh2+ 42. Kf3 Rh1 43. a4 Kg7 44. Rh4 Ra1 45. Rxh3 Rxa4 1/2-1/2


[Site "http://www.chessbomb.com"]

[Event "World Junior Chess Championship U20 2022"]
[White "De Ieso, Lorenzo"]
[Black "Stankovic, Dragan"]
[WhiteFideId "2894101"]
[BlackFideId "14408740"]
[WhiteElo "1938"]
[BlackElo "2181"]
[Result "0-1"]
[Round "04"]
[TimeControl "5400+30"]
[Date "2022.10.14"]
[WhiteClock "0:32:49"]
[BlackClock "0:13:30"]

1. c4 c6 2. Nf3 d5 3. e3 e6 4. Nc3 Nf6 5. b3 Be7 6. d4 Nbd7 7. Bd3 b6 8. O-O Bb7 9. Bb2 O-O 10. Qc2 h6 11. Rad1 Qc7 12. Ne5 Nxe5 13. dxe5 Ng4 14. cxd5 Qxe5 15. g3 Qh5 16. h4 cxd5 17. Ne2 Bd6 18. Nf4 Bxf4 19. exf4 Rac8 20. Qb1 f5 21. Rfe1 Qf7 22. Re2 Nf6 23. Rde1 Ne4 24. Kh2 Qh5 25. Re3 Rfd8 26. Bd4 g5 27. fxg5 hxg5 28. f3 gxh4 29. g4 Qg5 30. fxe4 dxe4 31. Rg1 Qf4+ 32. Kh3 Rxd4 33. gxf5+ Kh8 34. Qe1 Qxe3+ 35. Qxe3 Rxd3 36. Qxd3 exd3 37. fxe6 Re8 38. Rd1 Be4 39. Kxh4 Rxe6 40. Kg3 Bg6 41. a4 Kg7 42. b4 Rd6 43. Rd2 Rd4 0-1


[Site "http://www.chessbomb.com"]

[Event "World Junior Chess Championship U20 2022"]
[White "Hercegovac, Neven"]
[Black "Karsten, Jan"]
[WhiteFideId "2839135"]
[BlackFideId "14350653"]
[WhiteElo "2175"]
[BlackElo "1985"]
[Result "1-0"]
[Round "04"]
[TimeControl "5400+30"]
[Date "2022.10.14"]
[WhiteClock "0:44:49"]
[BlackClock "0:08:46"]

1. e4 c5 2. Nc3 d6 3. d4 cxd4 4. Qxd4 Nc6 5. Qd2 g6 6. b3 Bh6 7. f4 e5 8. Nb5 Bxf4 9. Qxd6 Qxd6 10. Nxd6+ Kf8 11. Ba3 Nge7 12. c3 Kg7 13. Bc4 f6 14. Nf3 a6 15. Rd1 b5 16. Nxc8 Raxc8 17. Be6 Rcd8 18. Ke2 f5 19. exf5 gxf5 20. g3 Bh6 21. Bc5 Kf6 22. Bd7 Nd4+ 23. cxd4 Rxd7 24. dxe5+ Ke6 25. Nd4+ Kxe5 26. Bxe7 Rxe7 27. Nc6+ Kf6+ 28. Nxe7 Kxe7 29. Kf3 Rc8 30. Rhe1+ Kf6 31. Rd6+ Kg5 32. h4+ Kh5 33. Re5 Rc3+ 34. Kg2 Kg4 35. Rxh6 1-0


[Site "http://www.chessbomb.com"]

[Event "World Junior Chess Championship U20 2022"]
[White "Atanasov, Anthony"]
[Black "Liloni, Francesco Mattia"]
[WhiteFideId "2623897"]
[BlackFideId "2872264"]
[WhiteElo "2148"]
[BlackElo "1876"]
[Result "1-0"]
[Round "04"]
[TimeControl "5400+30"]
[Date "2022.10.14"]
[WhiteClock "0:32:32"]
[BlackClock "1:15:28"]

1. e4 e5 2. Nc3 Nf6 3. Nf3 d5 4. exd5 e4 5. Ng5 Bf5 6. Qe2 Bd6 7. d3 O-O 8. dxe4 Re8 9. Be3 Nxe4 10. Ngxe4 Bxe4 11. Nxe4 Rxe4 12. Qf3 Rb4 13. O-O-O Nd7 14. Bd3 Ne5 15. Qe2 Qf6 16. c3 Ra4 17. Bxh7+ Kh8 18. Bc2 Rxa2 19. Kb1 Rxb2+ 20. Kxb2 b5 21. Qh5+ Kg8 22. Bg5 Nc4+ 23. Ka2 Qxc3 24. Qh7+ Kf8 25. Qh8# 1-0


[Site "http://www.chessbomb.com"]

[Event "World Junior Chess Championship U20 2022"]
[White "Dimakis, Stavros"]
[Black "Olsen, Filip Boe"]
[WhiteFideId "25879472"]
[BlackFideId "1440640"]
[WhiteElo "1832"]
[BlackElo "2433"]
[Result "0-1"]
[Round "04"]
[TimeControl "5400+30"]
[Date "2022.10.14"]
[WhiteClock "0:01:33"]
[BlackClock "0:21:33"]

1. e4 c5 2. Nf3 d6 3. d4 cxd4 4. Nxd4 Nf6 5. Nc3 a6 6. f3 e5 7. Nb3 Be6 8. Be3 h5 9. Nd5 Bxd5 10. exd5 g6 11. Qd2 Bg7 12. c4 O-O 13. O-O-O a5 14. a3 Nbd7 15. Kb1 Qc7 16. h4 a4 17. Nc1 e4 18. Bd4 Rfe8 19. Qc3 Rac8 20. g4 exf3 21. g5 Ne4 22. Qxf3 Bxd4 23. Rxd4 Ndc5 24. Rh2 Re5 25. Bd3 Rce8 26. Bc2 Qe7 27. Rg2 Qd7 28. Qd1 Qh3 29. Re2 Qxh4 30. Ka1 Qxg5 31. Nd3 Nxd3 32. Qxd3 Qc1+ 33. Bb1 Nc5 0-1


[Site "http://www.chessbomb.com"]

[Event "World Junior Chess Championship U20 2022"]
[White "Vairo, Rocco Enrico"]
[Black "Cappelletto, Joshuaede"]
[WhiteFideId "2839437"]
[BlackFideId "2824383"]
[WhiteElo "1960"]
[BlackElo "2337"]
[Result "1/2-1/2"]
[Round "04"]
[TimeControl "5400+30"]
[Date "2022.10.14"]
[WhiteClock "0:04:36"]
[BlackClock "0:09:14"]

1. e4 c5 2. c3 d5 3. exd5 Nf6 4. Bb5+ Nbd7 5. d4 a6 6. Ba4 b5 7. Bb3 c4 8. Bc2 Bb7 9. Nf3 Bxd5 10. O-O e6 11. Re1 Be7 12. Bf4 O-O 13. Nbd2 Qb6 14. Ne5 Qb7 15. Re3 Rfd8 16. Rg3 Nf8 17. h4 Ne4 18. Nxe4 Bxe4 19. h5 Bd6 20. Qg4 g6 21. hxg6 fxg6 22. Bxe4 Qxe4 23. Bg5 Qxg4 24. Rxg4 Rdc8 25. Re4 Bxe5 26. Rxe5 Rc6 27. Rae1 Kf7 28. R5e3 Kg7 29. Kh2 Ra7 30. Kg3 h6 31. Bf4 Rf7 32. Be5+ Kh7 33. Rf3 Rf5 34. Rxf5 gxf5 35. Bf4 Kg6 36. Rh1 h5 37. Kf3 Nd7 38. Ke2 Rc8 39. Rh3 Rh8 40. Re3 Kf7 41. Bg5 Nb6 42. Rh3 Nd5 43. Kf3 a5 44. Bf4 b4 45. Be5 Rh7 46. Ke2 Kg6 47. Rg3+ Kh6 48. Kd2 Rb7 49. Kc2 a4 50. Rg8 Rb6 51. cxb4 Nxb4+ 52. Kc3 Nxa2+ 53. Kxc4 Rxb2 54. Kc5 a3 55. Kd6 Nc3 56. Kxe6 a2 57. Rh8+ Kg6 58. Rg8+ Kh7 59. Rh8+ Kg6 60. Rg8+ 1/2-1/2


[Site "http://www.chessbomb.com"]

[Event "World Junior Chess Championship U20 2022"]
[White "Raahul, V S"]
[Black "Bettalli, Francesco"]
[WhiteFideId "25035525"]
[BlackFideId "2816453"]
[WhiteElo "2333"]
[BlackElo "2267"]
[Result "1/2-1/2"]
[Round "04"]
[TimeControl "5400+30"]
[Date "2022.10.14"]
[WhiteClock "0:15:15"]
[BlackClock "0:01:37"]

1. c4 c5 2. Nc3 g6 3. Nf3 Bg7 4. d4 cxd4 5. Nxd4 Nc6 6. Nc2 Bxc3+ 7. bxc3 Nf6 8. f3 Qa5 9. Bd2 d6 10. e4 Nd7 11. Nb4 Nc5 12. Be2 Bd7 13. O-O O-O 14. Nd5 Rac8 15. Qe1 f6 16. h4 Kh8 17. Be3 Rf7 18. Bd4 e6 19. Nb4 Na4 20. Nxc6 Rxc6 21. Rb1 e5 22. Rb5 Qc7 23. Be3 Be6 24. Rb4 Nb6 25. Qf2 Nc8 26. Rfb1 b6 27. Qf1 a5 28. Ra4 Kg7 29. f4 exf4 30. Bxf4 f5 31. exf5 Bxf5 32. Rb2 Qa7 33. Qf2 Be6 34. Qd4+ Kg8 35. Bh6 Ne7 36. Bd3 Bf5 37. Be3 Bxd3 38. Qxd3 Qd7 39. c5 Rxc5 40. Bxc5 Qxa4 41. Bxd6 Qxh4 42. Re2 Qf6 43. Bg3 Nc6 44. Bf2 Re7 45. Rb2 Ne5 46. Qe4 Qg5 47. Rb1 Rf7 48. Qa8+ Rf8 49. Qd5+ Rf7 50. Qa8+ Kg7 51. Qc8 Ng4 52. Bd4+ Kh6 53. g3 Qh5 54. Rb2 Qh3 55. Be3+ g5 56. Bxg5+ Kh5 57. Bf4 Rxf4 58. gxf4 Qg3+ 59. Kh1 Qf3+ 60. Kg1 Qg3+ 61. Kh1 Qe1+ 62. Kg2 Qe4+ 63. Kg1 Qe3+ 64. Kg2 Qe4+ 65. Kg1 Qe3+ 1/2-1/2


[Site "http://www.chessbomb.com"]

[Event "World Junior Chess Championship U20 2022"]
[White "Gagic, Milan A"]
[Black "Abdulla, Younes Alkhemeiri"]
[WhiteFideId "979805"]
[BlackFideId "9324577"]
[WhiteElo "2125"]
[BlackElo "1405"]
[Result "1-0"]
[Round "04"]
[TimeControl "5400+30"]
[Date "2022.10.14"]
[WhiteClock "0:25:21"]
[BlackClock "0:50:05"]

1. e4 c6 2. Nc3 d5 3. d4 dxe4 4. Nxe4 Nf6 5. Nxf6+ exf6 6. c3 Bd6 7. Bd3 O-O 8. Qc2 h5 9. Ne2 h4 10. h3 Be6 11. O-O Nd7 12. Nf4 Bxf4 13. Bxf4 Re8 14. Rfe1 Nb6 15. Qd1 g6 16. Qf3 Nd5 17. Bd2 Kg7 18. c4 Ne7 19. Bc3 Nf5 20. d5 cxd5 21. Red1 Nh6 22. Bc2 Bf5 23. Rxd5 Qc7 24. Bxf5 Nxf5 25. Rxf5 gxf5 26. Qxf5 Re6 27. Qg5+ Kf8 28. Bb4+ Re7 29. Qxf6 1-0


[Site "http://www.chessbomb.com"]

[Event "World Junior Chess Championship U20 2022"]
[White "Vivoli, Alessandro"]
[Black "Carroll, Peter"]
[WhiteFideId "11800240"]
[BlackFideId "2510243"]
[WhiteElo "1555"]
[BlackElo "2115"]
[Result "0-1"]
[Round "04"]
[TimeControl "5400+30"]
[Date "2022.10.14"]
[WhiteClock "0:47:38"]
[BlackClock "1:16:09"]

1. e4 c5 2. Nf3 d6 3. d4 cxd4 4. Nxd4 Nf6 5. Nc3 a6 6. Be3 e6 7. f3 Nc6 8. Qd2 Be7 9. O-O-O O-O 10. g4 Nxd4 11. Bxd4 b5 12. g5 Nd7 13. h4 Qc7 14. Kb1 b4 15. Ne2 Ne5 16. Bg2 Nc4 17. Qe1 e5 18. Bf2 Be6 19. f4 Rfc8 20. Rc1 Na3+ 21. bxa3 Qc4 0-1


[Site "http://www.chessbomb.com"]

[Event "World Junior Chess Championship U20 2022"]
[White "Ghaith, Saeed Alnuaimi"]
[Black "Porcu, Riccardo"]
[WhiteFideId "9309152"]
[BlackFideId "28536690"]
[WhiteElo "1269"]
[BlackElo "1759"]
[Result "0-1"]
[Round "04"]
[TimeControl "5400+30"]
[Date "2022.10.14"]
[WhiteClock "1:22:35"]
[BlackClock "0:16:31"]

1. d4 Nf6 2. c4 e6 3. Nf3 d5 4. g3 Bb4+ 5. Bd2 Be7 6. Bg2 O-O 7. O-O c6 8. Nc3 dxc4 9. Bf4 Nd5 10. a4 Nxf4 11. gxf4 Bd6 12. e3 a5 13. Qe2 Nd7 14. Qxc4 Nb6 15. Qd3 Nd5 16. Kh1 b6 17. Ne4 Ba6 18. Qd2 Bxf1 19. Rxf1 Be7 20. Rg1 Rc8 21. Bh3 Nf6 22. Ng3 Qd5 23. Qe2 Ne4 24. Nf1 c5 25. Bg2 Qh5 26. Ng3 Nxg3+ 27. fxg3 cxd4 28. exd4 Qf5 29. Qa6 Bf6 30. Qxb6 Rb8 31. Qxa5 Qxa5 0-1


[Site "http://www.chessbomb.com"]

[Event "World Junior Chess Championship U20 2022"]
[White "van der Merwe, Alexander"]
[Black "Salem, Muhsan Shuaib"]
[WhiteFideId "14323842"]
[BlackFideId "9325824"]
[WhiteElo "1746"]
[BlackElo "1227"]
[Result "1-0"]
[Round "04"]
[TimeControl "5400+30"]
[Date "2022.10.14"]
[WhiteClock "0:34:19"]
[BlackClock "0:46:09"]

1. e4 c6 2. d4 d5 3. Nc3 dxe4 4. Nxe4 Nf6 5. Nxf6+ exf6 6. c3 Be6 7. Bd3 Bd6 8. Qc2 c5 9. Ne2 Nc6 10. dxc5 Bxc5 11. O-O Ne5 12. Be4 Qb6 13. b4 Be7 14. Nd4 Bc4 15. Re1 Rd8 16. Nf5 Bf8 17. Be3 Qa6 18. f4 Bd3 19. Bxd3 Qxd3 20. Qxd3 Nxd3 21. Re2 1-0


[Site "http://www.chessbomb.com"]

[Event "World Junior Chess Championship U20 2022"]
[White "Ahmed, Younes Alkhemeiri"]
[Black "Monferrato, Rocco"]
[WhiteFideId "9324585"]
[BlackFideId "3016536"]
[WhiteElo "1139"]
[BlackElo "1563"]
[Result "0-1"]
[Round "04"]
[TimeControl "5400+30"]
[Date "2022.10.14"]
[WhiteClock "0:56:39"]
[BlackClock "0:38:17"]

1. d4 d5 2. Bf4 Nf6 3. e3 Bf5 4. Nf3 e6 5. Nbd2 c5 6. c3 Nbd7 7. Be2 Be7 8. O-O Nh5 9. Bg3 Nxg3 10. fxg3 O-O 11. Bb5 a6 12. Ba4 b5 13. Bc2 Bxc2 14. Qxc2 cxd4 15. exd4 Nb6 16. b3 Rc8 17. Qb2 b4 18. cxb4 Bxb4 19. a3 Bc3 20. Qa2 Bxa1 21. Qxa1 Rc2 22. Qb1 Qc7 23. Ng5 h6 24. Ngf3 Rc8 25. Kf2 Nd7 26. Ke2 Qa5 27. a4 Nf6 28. Rd1 Ne4 0-1


[Site "http://www.chessbomb.com"]

[Event "World Junior Chess Championship U20 2022"]
[White "Esipenko, Andrey"]
[Black "Kozak, Adam"]
[WhiteFideId "24175439"]
[BlackFideId "753246"]
[WhiteElo "2668"]
[BlackElo "2516"]
[Result "1/2-1/2"]
[Round "05"]
[TimeControl "5400+30"]
[Date "2022.10.15"]
[WhiteClock "0:31:33"]
[BlackClock "0:14:51"]

1. e4 e5 2. Nf3 Nc6 3. Bb5 Nf6 4. d3 Bc5 5. c3 O-O 6. O-O Re8 7. Bg5 h6 8. Bh4 a6 9. Ba4 b5 10. Bb3 Be7 11. a4 b4 12. a5 d6 13. Bxf6 Bxf6 14. Bd5 Bd7 15. Qb3 Be6 16. Qc4 Bxd5 17. exd5 Ne7 18. cxb4 c6 19. Nc3 cxd5 20. Nxd5 Nxd5 21. Qxd5 Rb8 22. Qc6 Rxb4 23. Qxa6 d5 24. Rfe1 e4 25. dxe4 dxe4 26. Rad1 Qa8 27. Qxa8 Rxa8 28. Nd2 Rxa5 29. Rxe4 Rxe4 30. Nxe4 Bxb2 31. g3 1/2-1/2


[Site "http://www.chessbomb.com"]

[Event "World Junior Chess Championship U20 2022"]
[White "Kacharava, Nikolozi"]
[Black "Svane, Frederik"]
[WhiteFideId "13611860"]
[BlackFideId "12923044"]
[WhiteElo "2512"]
[BlackElo "2566"]
[Result "1/2-1/2"]
[Round "05"]
[TimeControl "5400+30"]
[Date "2022.10.15"]
[WhiteClock "0:13:48"]
[BlackClock "0:19:49"]

1. e4 c5 2. Nf3 d6 3. d4 cxd4 4. Nxd4 Nf6 5. Nc3 Nc6 6. Bg5 e6 7. Qd3 Bd7 8. O-O-O a6 9. f4 Be7 10. Nf3 Qa5 11. Kb1 Rc8 12. Bxf6 gxf6 13. Qe3 b5 14. f5 h5 15. fxe6 fxe6 16. Bd3 Nb4 17. e5 Rxc3 18. Bg6+ Kd8 19. Qxc3 Qxa2+ 20. Kc1 Bf8 21. Qa3 dxe5 22. Qxa2 Nxa2+ 23. Kb1 Nb4 24. h3 Kc7 25. g4 Bc6 26. Rhf1 Nd5 27. Rde1 Bd6 28. Be4 hxg4 29. hxg4 Rg8 30. Nd2 Be7 31. Bf3 Nf4 32. Ne4 Rg7 33. b3 Bb4 34. Re3 Nd5 35. Rd3 Rg6 36. c3 Be7 37. c4 Nb4 38. Rc3 f5 39. cxb5 axb5 40. gxf5 exf5 41. Bh5 Rg2 42. Rxf5 Nd5 43. Rxc6+ Kxc6 44. Rxe5 Rg1+ 1/2-1/2


[Site "http://www.chessbomb.com"]

[Event "World Junior Chess Championship U20 2022"]
[White "Gadimbayli, Abdulla"]
[Black "Murzin, Volodar"]
[WhiteFideId "13404938"]
[BlackFideId "44155573"]
[WhiteElo "2499"]
[BlackElo "2557"]
[Result "1/2-1/2"]
[Round "05"]
[TimeControl "5400+30"]
[Date "2022.10.15"]
[WhiteClock "0:33:33"]
[BlackClock "0:57:06"]

1. e4 c6 2. Nc3 d5 3. Nf3 dxe4 4. Nxe4 Nf6 5. Qe2 Nxe4 6. Qxe4 Be6 7. b3 Nd7 8. Bc4 Nf6 9. Qe2 Bd5 10. Ne5 g6 11. Bb2 Bg7 12. O-O O-O 13. d4 Bxc4 14. Nxc4 Qc7 15. Ne5 Rfd8 16. Rad1 Nd7 17. Ng4 Nf6 18. Ne5 Nd7 19. Ng4 Nf6 20. Ne5 Nd7 21. Ng4 Nf6 1/2-1/2


[Site "http://www.chessbomb.com"]

[Event "World Junior Chess Championship U20 2022"]
[White "Samunenkov, Ihor"]
[Black "Sonis, Francesco"]
[WhiteFideId "14187086"]
[BlackFideId "895733"]
[WhiteElo "2473"]
[BlackElo "2531"]
[Result "1/2-1/2"]
[Round "05"]
[TimeControl "5400+30"]
[Date "2022.10.15"]
[WhiteClock "0:24:09"]
[BlackClock "0:19:02"]

1. d4 Nf6 2. c4 e6 3. Nc3 Bb4 4. e3 O-O 5. Bd2 d5 6. Nf3 b6 7. cxd5 exd5 8. Bd3 Bb7 9. Qc2 Re8 10. a3 Bxc3 11. Bxc3 Ba6 12. Bxa6 Nxa6 13. Qa4 Qc8 14. Rc1 Qb7 15. O-O Rac8 16. b4 c6 17. b5 cxb5 18. Qxb5 Ne4 19. Ne5 Nd6 20. Qa4 f6 21. Bb4 Nxb4 22. Qxb4 Red8 23. Nd3 Rc4 24. Rxc4 dxc4 25. Nf4 Qd7 26. a4 Rc8 27. Rc1 Qc6 28. f3 f5 29. Kf2 Qd7 30. Nd5 Qe6 31. Nc3 Re8 32. Re1 Qe7 33. Kg1 Qe6 34. h3 h6 35. e4 fxe4 36. fxe4 Kh8 37. e5 Qg6 38. Nd5 Nf5 39. Qxc4 Qe6 40. Qd3 Qxd5 41. Qxf5 Qxd4+ 42. Kh2 Qxa4 43. Qf7 Kh7 44. e6 Qb4 45. Qxe8 Qxe1 46. e7 1/2-1/2


[Site "http://www.chessbomb.com"]